 Dungeon Crawl Stone Soup version 0.29.1-12-g30fa7ad0bf (webtiles) character file.

Game seed: 938963495939637928

86 mopl the Sneak (level 4, 0/29 HPs)
             Began as an Octopode Brigand on Dec 29, 2022.
             Slain by a white imp (2 damage)
             ... on level 3 of the Dungeon.
             The game lasted 00:02:01 (1574 turns).

mopl the Sneak (Octopode Brigand)                   Turns: 1574, Time: 00:02:03

Health: 0/29       AC:  1    Str:  7 (10) XL:     4   Next: 49%
Magic:  13/13      EV: 13    Int: 13 (15) God:
Gold:   175        SH:  0    Dex: 11 (13) Spells: 3/3 levels left

rFire   . . .      SeeInvis +   a - +2 dagger (venom)
rCold   + . .      Faith    .   (no shield)
rNeg    . . .      Spirit   .   (helmet restricted)
rPois   .          Reflect  .   (no amulet)
rElec   .          Harm     .   e - ring of willpower
rCorr   .          Rampage  .   f - ring of see invisible
Will    +....                   r - ring of Piuca {rC+ MP+9}
Stlth   ++++......              (no ring)
HPRegen 0.09/turn               (no ring)
MPRegen 0.13/turn               (no ring)
                                (no ring)
                                (no ring)

@: studying Unarmed Combat
A: almost no armour, amphibious, 8 rings, camouflage 1, gelatinous body 1,
(nimble swimmer 1), tentacles
a: no special abilities


You were on level 3 of the Dungeon.
You visited 1 branch of the dungeon, and saw 3 of its levels.

You collected 175 gold pieces.

Inventory:

Hand Weapons
 a - a +2 dagger of venom (weapon)
 p - a +2 dagger
Missiles
 b - 13 poisoned darts (quivered)
 c - 8 curare-tipped darts
Magical Staves
 n - a staff of conjuration
Jewellery
 e - a ring of willpower (left tentacle)
 f - a ring of see invisible (right tentacle)
 r - the ring of Piuca (on tentacle) {rC+ MP+9}
   (You found it on level 2 of the Dungeon)

   [ring of magical power]

   rC:        It protects you from cold.
   MP:        It affects your magic capacity (+9).
Wands
 s - a wand of roots (8)
Scrolls
 d - 4 scrolls of amnesia {unknown}
 h - a scroll of identify {unknown}
 k - 2 scrolls of teleportation {unknown}
 m - 2 scrolls of vulnerability {unknown}
 o - 2 scrolls of brand weapon {unknown}
 q - a scroll of enchant weapon {unknown}
Potions
 i - a potion of berserk rage {unknown}
 j - a potion of attraction {unknown}
 l - 2 potions of brilliance {unknown}
 t - a potion of mutation {unknown}
 u - a potion of curing {unknown}


   Skills:
 - Level 2.0 Fighting
 + Level 2.8 Short Blades
 + Level 2.8 Throwing
 + Level 2.1 Dodging
 + Level 6.1 Stealth


You had 3 spell levels left.
You didn't know any spells.
Your spell library contained the following spells:

 Spells                   Type           Power      Damage    Failure   Level
 Apportation              Tloc           0%         N/A       30%         1
 Alistair's Intoxication  Tmut/Pois      0%         N/A       100%        5


Dungeon Overview and Level Annotations

Branches:
Dungeon (3/15)

Altars:
Sif Muna


Innate Abilities, Weirdness & Mutations

You cannot wear most types of armour.
You are amphibious.
You can wear up to eight rings at the same time.
Your skin changes colour to match your surroundings (Stealth+).
Your rubbery body absorbs attacks. (AC +1, EV +1)
((You are camouflaged when in or above water. (Stealth+)))
You have tentacles for arms and can constrict up to eight enemies at once.


Message History

The white imp shouts, "Quit, thou loggerheaded tickle-brained nightsoil!"
The white imp barely misses you.
You hit the white imp. Your grab misses the white imp.
The white imp is lightly wounded.
The white imp barely misses you.
A gnoll comes into view. It is wielding a +2 mace.
The gnoll shouts!
You hit the white imp. You grab the white imp.
The white imp is lightly wounded.
You constrict the white imp, but do no damage.
The white imp closely misses you.
You hit the white imp.
The white imp is heavily wounded.
You constrict the white imp, but do no damage.
The white imp barely misses you.
You hit the white imp but do no damage.
The white imp is poisoned.
The white imp is heavily wounded.
You constrict the white imp. The white imp hits you. The white imp freezes you.
You resist. The gnoll hits you with a +2 mace!
You hit the white imp but do no damage.
The white imp is almost dead.
You constrict the white imp, but do no damage.
The white imp gestures at you. The puff of frost hits you. You resist.
The gnoll hits you with a +2 mace.
* * * LOW HITPOINT WARNING * * *
Unknown command.
You barely miss the gnoll. Your grab misses the gnoll.
Your squeeze misses the gnoll. You constrict the white imp.
The white imp gestures at you. The puff of frost hits you. You resist.
* * * LOW HITPOINT WARNING * * *
The gnoll barely misses you.
It was a potion of degeneration.
There was something very wrong with that liquid.
You feel weakened.
You feel dopey.
You feel clumsy.
You constrict the white imp, but do no damage.
The white imp hits you.
* * * LOW HITPOINT WARNING * * *
The white imp freezes you. You resist.
You die...

### #..# #_:.#
#...5## #..@## ..
##g..######### #.#
#∩#...#....... ...
..###....##########.#
#.. ##............>.#
## ##...##........#
###.#.........#
#.#.........#
#.#....##...#


You could see a gnoll and a white imp (very poisoned).

Vanquished Creatures
  2 adders (D:2)
  A worm (D:2)
  9 ball pythons
  10 endoplasms
  2 giant cockroaches (D:1)
  3 goblins
  6 hobgoblins
  2 jackals (D:1)
  8 kobolds
  3 bats
  7 frilled lizards
  6 rats
59 creatures vanquished.

Notes
Turn   | Place    | Note
-------+----------+-------------------------------------------
     0 | D:1      | mopl the Octopode Brigand began the quest for the Orb.
     0 | D:1      | Reached XP level 1. HP: 14/14 MP: 1/1
    81 | D:1      | Reached XP level 2. HP: 17/19 MP: 2/2
   295 | D:1      | Reached XP level 3. HP: 22/24 MP: 3/3
   678 | D:2      | Reached skill level 2 in Dodging
   678 | D:2      | Reached skill level 6 in Stealth
   678 | D:2      | Reached XP level 4. HP: 11/29 MP: 4/4
  1214 | D:2      | Identified the ring of Piuca {rC+ MP+9}
  1564 | D:3      | Found a shimmering blue altar of Sif Muna.
  1574 | D:3      | Slain by a white imp

Illustrated notes

Levels and vault maps discovered:
D:1:      onia_arrival_handbag, layout_basic, serial_corexii_hall,
          corexii_hall_statues_t, chequers_hall_statues_corner_a
D:2:      layout_rooms, minmay_fountain_box, minmay_close_crescents
D:3:      layout_basic, nzn_overflow_gifts_of_might_and_magic,
          yredelemnul_altar_generic, moated_statue, minmay_checkerbox

Skill      XL: |  1  2  3 |
---------------+----------+-----
Dodging        | 2 |  2.1
Stealth        | 6 |  6.1
Fighting       | |  2.0
Short Blades   | |  2.8
Throwing       | |  2.8

Action                   |  1- 3 |  4- 6 || total
-------------------------+-------+-------++-------
Melee: Dagger            |    63 |    40 ||   103
       Constrict         |    15 |     6 ||    21
       Tentacles         |     8 |     5 ||    13
       Punch             |       |     1 ||     1
  Use: Potion            |       |     1 ||     1
 Stab: Sleeping          |    17 |     7 ||    24
Armor: Skin              |     3 |     2 ||     5
Dodge: Dodged            |    27 |    22 ||    49
